 Dungeon Crawl Stone Soup version bcrawl-1.34.4 (webtiles) character file.

Game seed: 14058074241085751291

122957 KristoblXynda the Cutter (level 4, -7/33 HPs)
             Began as a Kobold Gladiator on Oct 28, 2021.
             Blown up by Robin (17 damage)
             ... with a wand of disintegration (13)
             ... on level 2 of the Dungeon.
             The game lasted 00:02:02 (1849 turns).

KristoblXynda the Cutter (Kobold Gladiator)         Turns: 1849, Time: 00:02:02

Health: -7/33      AC:  4    Str: 12    XL:     4   Next: 57%
Magic:  4/4        EV: 14    Int:  9    God:
Gold:   148        SH:  7    Dex: 17    Spells: 3/3 levels left

rFire    . . .     SeeInvis .   a - +0 rapier
rCold    . . .     Gourm    .   o - +2 buckler
rNeg     . . .     Faith    .   b - +0 leather armour
rPois    .         Spirit   .   c - +0 helmet
rElec    .         Reflect  .   (no cloak)
rCorr    .         Harm     .   (no gloves)
MR       .....                  (no boots)
Stlth    ++........             (no amulet)
HPRegen  0.11/turn              (no ring)
MPRegen  0.09/turn              (no ring)

@: no status effects
A: small, talons 1, carnivore, mutation resistance 1, sense surroundings 2
a: no special abilities


You were on level 2 of the Dungeon.
You were very full.

You visited 1 branch of the dungeon, and saw 2 of its levels.

You collected 148 gold pieces.

Inventory:

Hand Weapons
 a - a +0 rapier (weapon)
Missiles
 d - 3 throwing nets {=f}
Armour
 b - a +0 leather armour (worn)
 c - a +0 helmet (worn)
 o - a +2 buckler (worn)
Jewellery
 h - an uncursed ring of protection from cold {unknown}
 s - an uncursed amulet of regeneration {unknown}
Wands
 q - a wand of disintegration (14)
Scrolls
 g - 2 scrolls of fear {unknown}
 i - 3 scrolls of identify
 j - 2 scrolls of remove curse {unknown}
 k - a scroll of immolation {unknown}
 l - a scroll of teleportation {unknown}
Potions
 f - 2 potions of heal wounds
 m - 4 potions of lignification
 n - a potion of degeneration {unknown}
 p - 3 potions of curing {unknown}
 r - a potion of magic {unknown}
Comestibles
 e - 4 rations {!d}


   Skills:
 + Level 3.9 Fighting
 + Level 4.8 Short Blades
 - Level 3.0 Throwing
 + Level 4.3 Dodging
 + Level 1.9 Stealth
 + Level 0.5 Shields


You had 3 spell levels left.
You didn't know any spells.
Your spell library contained the following spells:

 Spells                   Type           Power        Failure   Level  Hunger
 Magic Dart               Conj           #...         90%         1    None
 Blink                    Tloc           N/A          97%         2    ####...
 Call Imp                 Summ           #.....       97%         2    ####...
 Conjure Flame            Conj/Fire      #.......     99%         3    #####..
 Mephitic Cloud           Conj/Pois/Air  #.......     99%         3    #####..
 Spider Form              Tmut/Pois      #..          99%         3    #####..


Dungeon Overview and Level Annotations

Branches:
Dungeon (2/12)

Altars:
Dithmenos
Ru
Sif Muna
The Shining One

Annotations:
D:2 Robin


Innate Abilities, Weirdness & Mutations

You are small and have problems with some larger weapons.
You have sharp toenails.
You are carnivorous and can eat meat at any time.
You are somewhat resistant to further mutation.
You passively map the area around you.


Message History

You kill the goblin!
The goblin misses you. The goblin hits you with a +0 club.
Robin zaps a wand.
You are blasted!
Ouch! That really hurt!
* * * LOW HITPOINT WARNING * * *
The goblin hits you but does no damage.
You see here a cursed -1 dagger.
You puncture the goblin!
You kill the goblin!
You block Robin's attack. You block the goblin's attack.
You puncture the goblin!
You kill the goblin!
Robin completely misses you.
You see here a +0 dagger.
Things that are here:
a +0 dagger; a goblin corpse
There is a stone staircase leading down here.
Robin zaps a wand.
You are blasted!
Ouch! That really hurt!
You die...

####### * * #.....# ,
##############.....# *
#..................# , g# ,
#..................# ...#,
####...(.........)....#....#
*
#................))........#
#.............@>)g).......(#*
#......##.#######...[.#....#
* ###......##.# #.....# ...#
#...........# #.....# ..# *
###......##### ......#,, ..
,* #..........# #......# ,,.
#......###.### #....### *
#......# #...# ###### *
#......#####.#


You could see Robin.

Vanquished Creatures
  3 worms
  A dart slug (D:1)
  4 leopard geckos
  A giant cockroach (D:1)
  10 goblins
  9 hobgoblins
  6 jackals (D:2)
  A quokka (D:2)
  4 bats
  5 frilled lizards
  4 kobolds (D:1)
  8 rats
56 creatures vanquished.

Notes
Turn   | Place    | Note
-------+----------+-------------------------------------------
     0 | D:1      | KristoblXynda the Kobold Gladiator began the quest for the
                  | Orb.
     0 | D:1      | Reached XP level 1. HP: 16/16 MP: 1/1
   274 | D:1      | Reached XP level 2. HP: 16/21 MP: 2/2
   430 | D:1      | Reached XP level 3. HP: 22/26 MP: 3/3
   586 | D:1      | Reached skill level 1 in Stealth
  1276 | D:2      | Reached XP level 4. HP: 33/33 MP: 4/4
  1484 | D:2      | Found a glowing golden altar of the Shining One.
  1612 | D:2      | Found a shadowy altar of Dithmenos.
  1612 | D:2      | Found a sacrificial altar of Ru.
  1612 | D:2      | Found a shimmering blue altar of Sif Muna.
  1837 | D:2      | Noticed Robin
  1849 | D:2      | Blown up by Robin

Skill      XL: |  1  2  3 |
---------------+----------+-----
Throwing       | 3 |  3.0
Dodging        | 4 |  4.3
Stealth        | 1 |  1.9
Fighting       | |  3.9
Short Blades   | |  4.8
Shields        | |  0.5

Action                   |  1- 3 |  4- 6 || total
-------------------------+-------+-------++-------
Melee: Rapier            |    91 |    42 ||   133
       Kick              |    20 |    12 ||    32
  Use: Scroll            |       |     1 ||     1
 Stab: Sleeping          |     2 |     3 ||     5
  Eat: Chunk             |    11 |     1 ||    12
Armor: Leather armour    |    18 |     8 ||    26
Dodge: Dodged            |    64 |    25 ||    89
Block: Buckler           |     1 |    10 ||    11
